General information
- name: BNet
- type: Ladder team game (AT/RT)
- host: Battle.net
- saver: MomoiroOmnio
map: FullScaleAssault
- players: 8
- length: 33:00
- speed: Fast
- version: 1.26 W3XP
- replay type: Public
» download(146 KB)
Players
team 1 (winner)

»
HideTheTree (
pink | 58 APM | 1535 actions | 26:22)
7 Blademaster
3 Wind Walk
3 Critical Strike
1 Bladestorm
4 Tauren Chieftain
2 Endurance Aura
2 War Stomp
» actions
| Assign group hotkey | 127 | |
| Basic commands | 86 | |
| Build / train | 107 | |
| Enter build submenu | 27 | |
| Enter hero's abilities submenu | 11 | |
| Give item / drop item | 3 | |
| Remove unit from queue | 3 | |
| Right click | 555 | |
| Select / deselect | 371 | |
| Select group hotkey | 88 | |
| Use ability | 157 | |
1535 total
» units
| Peon | 15 | |
| Grunt | 1 | |
| Troll Headhunter/Berserker | 4 | |
| Troll Batrider | 35 | |
| Shaman | 5 | |
| Goblin Shredder | 1 | |
| Tauren | 5 | |
| Blue Dragon | 4 | |
70 total
» upgrades
| Armor | 3 | |
| Shaman Training | 2 | |
| Liquid Fire | 1 | |
| Witch Doctor Training | 2 | |
| Pulverize | 1 | |
| Ranged Weapons | 1 | |
| Spirit Walker Training | 1 | |
11 total
» buildings
| Orc Burrow | 8 | |
| Altar of Storms | 1 | |
| Barracks | 1 | |
| Great Hall | 2 | |
| War Mill | 1 | |
| Stronghold | 3 | |
| Voodoo Lounge | 1 | |
| Fortress | 1 | |
| Spirit Lodge | 2 | |
| Beastiary | 3 | |
| Tauren Totem | 1 | |
| Watch Tower | 1 | |
25 total
» build order
00:22 Orc Burrow
00:54 Altar of Storms
01:18 Barracks
02:01 Orc Burrow
02:59 Great Hall
03:17 War Mill
03:40 Stronghold
03:40 Stronghold
03:41 Stronghold
04:05 Orc Burrow
04:15 Voodoo Lounge
04:54 Orc Burrow
05:56 Orc Burrow
06:26 Fortress
07:01 Spirit Lodge
07:12 Spirit Lodge
07:20 Beastiary
07:22 Beastiary
08:43 Orc Burrow
09:29 Tauren Totem
10:28 Orc Burrow
10:58 Beastiary
12:05 Watch Tower
15:45 Orc Burrow
22:31 Great Hall
» items
| Healing Salve | 2 | |
| Orb of Lightning | 1 | |
| Scroll of Town Portal | 3 | |
6 total
Johnny_Depp (
yellow | 56 APM | 1464 actions | 26:22)
7 Dreadlord
3 Vampiric Aura
3 Sleep
1 Inferno
6 Death Knight
3 Unholy Aura
2 Death Coil
1 Animate Dead
5 Lich
3 Frost Nova
2 Frost Armor
» actions
| Assign group hotkey | 93 | |
| Build / train | 122 | |
| Enter build submenu | 25 | |
| Enter hero's abilities submenu | 19 | |
| Give item / drop item | 6 | |
| Remove unit from queue | 19 | |
| Right click | 323 | |
| Select / deselect | 299 | |
| Select group hotkey | 497 | |
| Use ability | 61 | |
1464 total
» units
| Acolyte | 18 | |
| Ghoul | 10 | |
| Gargoyle | 34 | |
| Frost Wyrm | 6 | |
68 total
» upgrades
| Cannibalize | 0 | |
| Creature Attack | 3 | |
| Creature Carapace | 3 | |
| Freezing Breath | 1 | |
7 total
» buildings
| Crypt | 1 | |
| Ziggurat | 11 | |
| Altar of Darkness | 1 | |
| Graveyard | 1 | |
| Tomb of Relics | 2 | |
| Halls of the Dead | 1 | |
| Necropolis | 2 | |
| Nerubian Tower | 4 | |
| Black Citadel | 1 | |
| Sacrificial Pit | 1 | |
| Boneyard | 1 | |
26 total
» build order
00:29 Crypt
00:34 Ziggurat
00:44 Altar of Darkness
01:06 Ziggurat
01:30 Graveyard
02:16 Tomb of Relics
03:10 Halls of the Dead
05:08 Necropolis
05:18 Ziggurat
06:55 Ziggurat
07:02 Nerubian Tower
07:08 Tomb of Relics
07:15 Black Citadel
07:51 Nerubian Tower
08:45 Ziggurat
08:50 Ziggurat
09:45 Nerubian Tower
12:18 Ziggurat
13:33 Ziggurat
13:56 Sacrificial Pit
14:53 Boneyard
17:02 Ziggurat
17:08 Ziggurat
17:10 Ziggurat
18:06 Nerubian Tower
24:17 Necropolis
» items
| Scroll of Town Portal | 1 | |
| Potion of Lesser Invulnerability | 1 | |
2 total

»
Arsenal1017 (
orange | 18 APM | 466 actions | 26:21)
5 Far Seer
3 Feral Spirit
2 Chain Lighting
4 Shadow Hunter
2 Healing Wave
2 Serpent Ward
» actions
| Build / train | 53 | |
| ESC pressed | 2 | |
| Enter build submenu | 17 | |
| Enter hero's abilities submenu | 9 | |
| Give item / drop item | 1 | |
| Remove unit from queue | 2 | |
| Right click | 94 | |
| Select / deselect | 247 | |
| Use ability | 41 | |
466 total
» units
| Peon | 16 | |
| Grunt | 6 | |
| Tauren | 8 | |
| Blue Dragon | 1 | |
31 total
» upgrades
| Melee Weapons | 3 | |
| Armor | 3 | |
| Pulverize | 1 | |
7 total
» buildings
| Altar of Storms | 1 | |
| Orc Burrow | 9 | |
| Barracks | 1 | |
| War Mill | 1 | |
| Stronghold | 1 | |
| Great Hall | 1 | |
| Voodoo Lounge | 1 | |
| Fortress | 1 | |
| Tauren Totem | 3 | |
19 total
» build order
00:58 Altar of Storms
01:11 Orc Burrow
02:10 Barracks
03:01 War Mill
04:17 Orc Burrow
05:57 Stronghold
06:04 Orc Burrow
07:56 Great Hall
08:04 Voodoo Lounge
08:52 Fortress
10:25 Orc Burrow
11:19 Tauren Totem
11:21 Tauren Totem
11:29 Tauren Totem
12:06 Orc Burrow
14:24 Orc Burrow
15:07 Orc Burrow
16:23 Orc Burrow
16:26 Orc Burrow
MomoiroOmnio (
green | 5 APM | 166 actions | 33:00)
» actions
| Right click | 104 | |
| Select / deselect | 58 | |
| Use ability | 4 | |
166 total
team 2 (loser)

»
Aceboy_Is_AFK (
purple | 23 APM | 20 actions | 00:51)
» actions
| Basic commands | 4 | |
| Right click | 3 | |
| Select / deselect | 11 | |
| Use ability | 2 | |
20 total
HOLiDAYDRUNK (
teal | 31 APM | 827 actions | 26:21)
7 Archmage
3 Summon Water Elemental
3 Brilliance Aura
1 Mass Teleport
1 Goblin Tinker
1 Pocket Factory
» actions
| Assign group hotkey | 2 | |
| Basic commands | 3 | |
| Build / train | 69 | |
| ESC pressed | 7 | |
| Enter build submenu | 26 | |
| Enter hero's abilities submenu | 8 | |
| Remove unit from queue | 2 | |
| Right click | 411 | |
| Select / deselect | 251 | |
| Select group hotkey | 2 | |
| Use ability | 46 | |
827 total
» units
» upgrades
| Swords | 3 | |
| Masonry | 1 | |
| Armor | 3 | |
| Lumber Harvesting | 1 | |
| Storm Hammers | 1 | |
9 total
» buildings
| Altar of Kings | 1 | |
| Farm | 10 | |
| Lumber Mill | 1 | |
| Blacksmith | 1 | |
| Keep | 1 | |
| Scout Tower | 3 | |
| Guard Tower | 2 | |
| Gryphon Aviary | 2 | |
| Castle | 1 | |
| Arcane Vault | 1 | |
| Arcane Tower | 1 | |
| Town Hall | 1 | |
25 total
» build order
00:05 Altar of Kings
00:09 Farm
01:07 Lumber Mill
01:37 Blacksmith
02:04 Farm
02:58 Keep
03:10 Farm
03:58 Scout Tower
04:29 Scout Tower
05:35 Guard Tower
05:41 Gryphon Aviary
05:50 Gryphon Aviary
06:35 Castle
06:49 Farm
07:24 Arcane Vault
08:17 Farm
08:43 Scout Tower
09:10 Farm
09:32 Guard Tower
09:34 Arcane Tower
09:46 Farm
10:29 Farm
12:29 Farm
13:34 Farm
15:05 Town Hall
» items
| Scroll of Regeneration | 3 | |
| Lesser Clarity Potion | 2 | |
| Orb of Fire | 1 | |
| Ivory Tower | 2 | |
| Scroll of Town Portal | 2 | |
10 total
darkmagi22 (
red | 27 APM | 712 actions | 26:11)
6 Warden
3 Fan of Knives
2 Shadow Strike
1 Spirit of Vengeance
5 Priestess of the Moon
3 Trueshot Aura
2 Searing Arrows
» actions
| Build / train | 99 | |
| Enter build submenu | 19 | |
| Enter hero's abilities submenu | 11 | |
| Right click | 261 | |
| Select / deselect | 275 | |
| Use ability | 47 | |
712 total
» units
| Wisp | 17 | |
| Archer | 5 | |
| Dryad | 20 | |
| Hippogryph | 28 | |
| Druid of the Claw | 4 | |
74 total
» upgrades
| Strength of the Wild | 3 | |
| Reinforced Hides | 3 | |
| Abolish Magic | 1 | |
| Druid of the Claw Training | 2 | |
| Mark of the Claw | 1 | |
10 total
» buildings
| Altar of Elders | 1 | |
| Ancient of War | 1 | |
| Moon Well | 8 | |
| Tree of Life | 1 | |
| Tree of Ages | 1 | |
| Hunter's Hall | 1 | |
| Ancient of Lore | 2 | |
| Ancient of Wind | 1 | |
| Tree of Eternity | 1 | |
17 total
» build order
00:25 Altar of Elders
00:44 Ancient of War
01:06 Moon Well
01:58 Moon Well
03:06 Moon Well
03:39 Moon Well
04:04 Tree of Life
05:35 Moon Well
05:41 Tree of Ages
05:50 Hunter's Hall
06:37 Moon Well
07:40 Moon Well
08:25 Ancient of Lore
08:32 Ancient of Lore
09:09 Moon Well
10:03 Ancient of Wind
13:07 Tree of Eternity
patison123 (
blue | 63 APM | 1666 actions | 26:19)
5 Blademaster
3 Wind Walk
1 Critical Strike
1 Bladestorm
» actions
| Build / train | 97 | |
| Enter build submenu | 20 | |
| Enter hero's abilities submenu | 5 | |
| Remove unit from queue | 1 | |
| Right click | 979 | |
| Select / deselect | 446 | |
| Use ability | 118 | |
1666 total
» units
| Peon | 17 | |
| Grunt | 7 | |
| Shaman | 8 | |
| Troll Headhunter/Berserker | 5 | |
| Wind Rider | 8 | |
| Troll Witch Doctor | 5 | |
| Raider | 4 | |
| Tauren | 8 | |
62 total
» upgrades
| Armor | 1 | |
| Melee Weapons | 3 | |
| Ranged Weapons | 2 | |
| Shaman Training | 2 | |
| Witch Doctor Training | 2 | |
| Ensnare | 1 | |
| Pulverize | 1 | |
12 total
» buildings
| Altar of Storms | 1 | |
| Orc Burrow | 9 | |
| Voodoo Lounge | 1 | |
| Stronghold | 2 | |
| War Mill | 1 | |
| Barracks | 1 | |
| Watch Tower | 1 | |
| Spirit Lodge | 1 | |
| Fortress | 1 | |
| Beastiary | 1 | |
| Tauren Totem | 1 | |
| Great Hall | 1 | |
21 total
» build order
00:13 Altar of Storms
00:16 Orc Burrow
01:11 Orc Burrow
01:16 Orc Burrow
02:02 Voodoo Lounge
02:57 Stronghold
02:57 Stronghold
03:03 Orc Burrow
03:27 War Mill
03:39 Barracks
04:08 Orc Burrow
05:00 Watch Tower
05:31 Spirit Lodge
06:13 Fortress
06:51 Beastiary
09:39 Tauren Totem
10:05 Great Hall
12:21 Orc Burrow
12:25 Orc Burrow
16:58 Orc Burrow
17:00 Orc Burrow
» items
| Healing Salve | 4 | |
| Lesser Clarity Potion | 2 | |
| Dust of Appearance | 1 | |
| Scroll of Town Portal | 2 | |
| Scroll of Protection | 1 | |
10 total
Chat log
(00:13 / Allies) HideTheTree: aceboy_is_afk
(00:15 / All) MomoiroOmnio: i'm tking my allies
(00:16 / All) Aceboy_Is_AFK: looks like people r enjoying the holidays a bit too much
(00:19 / All) Aceboy_Is_AFK: me 2
(00:30 / All) Aceboy_Is_AFK: i unsummoned
(00:31 / All) Aceboy_Is_AFK: 3v4
(00:32 / All) HideTheTree: no he isnt lol
(00:35 / All) Aceboy_Is_AFK: Shud be ez if u rush
(00:35 / All) MomoiroOmnio: I'll take out aceboy with ghouls
(00:39 / All) MomoiroOmnio: because I have to lose
(00:46 / All) Aceboy_Is_AFK: Good luck
(00:48 / All) Aceboy_Is_AFK: TKing me
(00:56 / All) MomoiroOmnio: don't leave
(00:58 / All) patison123: ;/
(00:59 / All) HOLiDAYDRUNK: idk why fools can't just play...
(01:00 / All) MomoiroOmnio: i unsummoned too
(01:11 / All) MomoiroOmnio: i can give you guys tips
(01:15 / All) MomoiroOmnio: what my allies are getting
(01:23 / All) HideTheTree: lol you are a nerd
(01:26 / All) HideTheTree: for even watching the game
(01:28 / All) HideTheTree: lmfao!
(01:34 / All) Arsenal1017: come on pink, he doesnt even have friends
(01:41 / All) HideTheTree: i agree
(01:46 / All) Arsenal1017: isnt it sad this is all he has to do on christmas eve
(01:50 / All) HideTheTree: yeah
(01:52 / All) HideTheTree: pathetic
(01:59 / All) MomoiroOmnio: wow
(02:02 / All) MomoiroOmnio: saw your base
(02:12 / All) MomoiroOmnio: free exp from me
(02:14 / All) MomoiroOmnio: take it
(02:16 / All) HideTheTree: do u want a cookie green?
(02:21 / All) HideTheTree: because you saw his base?
(02:30 / All) MomoiroOmnio: let hero come out first
(02:34 / All) MomoiroOmnio: then kill my units
(02:38 / All) MomoiroOmnio: for experience gain
(02:38 / Allies) Arsenal1017: pink are you expoing
(02:39 / All) HideTheTree: LOL NERD
(02:41 / Allies) HideTheTree: yeah
(03:01 / All) MomoiroOmnio: you may proceed now
(03:04 / Allies) HideTheTree: im getting several different types of units
(03:12 / All) MomoiroOmnio: my team is trying to expo
(03:14 / All) MomoiroOmnio: my mine
(03:17 / All) MomoiroOmnio: at top right
(03:18 / All) HideTheTree: trying too?
(03:20 / All) HideTheTree: we already did
(03:23 / All) MomoiroOmnio: top-bottom
(03:35 / All) MomoiroOmnio: you guys should expo too
(03:40 / All) MomoiroOmnio: at your top-top mine
(03:55 / All) MomoiroOmnio: yellow is dreadlord with ghouls
(03:57 / All) MomoiroOmnio: vamp aura
(04:06 / All) MomoiroOmnio: pink is blademaster with one grunt
(04:19 / All) MomoiroOmnio: orange is far seer with 1 grunt
(04:23 / All) HideTheTree: green has nothing
(04:36 / All) MomoiroOmnio: and i got only 754 gold and 260 lumber
(04:44 / All) MomoiroOmnio: so that's almost nothing
(04:45 / All) HideTheTree: aka nothing
(04:58 / All) MomoiroOmnio: yellow is expoing
(05:04 / All) MomoiroOmnio: at the bottom middle mine
(05:05 / All) HideTheTree: so are they
(05:16 / All) MomoiroOmnio: right bottom middle mine
(05:18 / All) MomoiroOmnio: yellow expos
(05:30 / All) Arsenal1017: hes doing us a favor
(05:35 / All) MomoiroOmnio: yellow dreadlord is level 2
(05:36 / All) HideTheTree: lol
(05:40 / All) Arsenal1017: if yall cant beat us like this it's just embarrassing
(06:02 / All) MomoiroOmnio: blademaster level 2
(06:12 / All) MomoiroOmnio: told you
(06:15 / All) MomoiroOmnio: yellow expoed
(06:20 / All) MomoiroOmnio: at bottom middle
(06:30 / All) HideTheTree: how old are you green?
(06:32 / All) MomoiroOmnio: yellow is sleep/vamp aura level 1
(06:36 / All) MomoiroOmnio: over 24
(06:43 / All) HideTheTree: very sad
(06:46 / All) HideTheTree: very very sad indeed
(06:49 / All) HideTheTree: you should get a job
(06:56 / Allies) MomoiroOmnio: after i am done
(06:58 / Allies) MomoiroOmnio: with this game
(07:06 / Allies) MomoiroOmnio: which I will be
(07:07 / All) HideTheTree: u arent even playing tho
(07:08 / Allies) MomoiroOmnio: soon enough
(07:18 / All) MomoiroOmnio: I'm here to ensure my loss
(07:36 / All) MomoiroOmnio: otherwise I will set myself up for failure
(07:38 / All) Arsenal1017: because your virginity is intact so you have to lose something?
(08:13 / Allies) Arsenal1017: pink what are you going
(08:16 / All) MomoiroOmnio: pink orc has two spirit lodges/beastiaries
(08:20 / Allies) HideTheTree: private chat one sec
(08:31 / All) MomoiroOmnio: undead goes wyrms/gargs
(08:45 / Allies) Arsenal1017: pm me what you want me to get
(08:59 / All) MomoiroOmnio: and orange orc only has grunts as combat units
(09:02 / All) MomoiroOmnio: far seer
(09:12 / All) MomoiroOmnio: pink will have another hero: tc
(09:25 / All) MomoiroOmnio: orange is going to get another hero too...
(09:38 / All) MomoiroOmnio: orange is expoing at top middle right mine
(09:55 / Allies) HideTheTree: okay
(09:57 / All) MomoiroOmnio: orange has over 1800 gold
(10:04 / All) MomoiroOmnio: pink over 1500 gold
(10:13 / All) MomoiroOmnio: yellow over 800 gold
(10:14 / All) HideTheTree: me next :)
(10:29 / All) MomoiroOmnio: pink is getting bats
(10:37 / All) HideTheTree: i agree
(10:39 / All) MomoiroOmnio: shaman is going to be master trained
(10:56 / All) MomoiroOmnio: yellow has death knight
(10:59 / All) MomoiroOmnio: dreadlord
(11:03 / All) MomoiroOmnio: with gargs
(11:05 / All) HideTheTree: green what do they have?
(11:13 / All) MomoiroOmnio: i don't know
(11:16 / All) MomoiroOmnio: I don't map hack
(11:56 / All) MomoiroOmnio: orange has shadow hunter
(12:07 / All) MomoiroOmnio: orange is about to creep top right mine
(12:13 / All) MomoiroOmnio: but still stationary
(12:21 / All) MomoiroOmnio: pink has more bats
(12:26 / All) MomoiroOmnio: but also will get taurens
(12:39 / All) HideTheTree: cool?
(12:52 / All) MomoiroOmnio: orange has 3 tauren totems
(12:57 / All) MomoiroOmnio: producing taurens now...
(13:10 / All) MomoiroOmnio: orange has 2000 + gold
(13:15 / All) MomoiroOmnio: but very low on lumber
(13:21 / All) MomoiroOmnio: 137 lumb
(13:49 / Allies) HideTheTree: come
(13:59 / All) MomoiroOmnio: pink is going to hit
(14:09 / All) MomoiroOmnio: pink is at bottom left mine
(14:11 / All) MomoiroOmnio: right now
(14:19 / All) MomoiroOmnio: going upwards
(14:21 / All) MomoiroOmnio: no
(14:25 / All) MomoiroOmnio: pink is retreating
(14:37 / All) MomoiroOmnio: yellow is going to kill dragons
(14:41 / All) MomoiroOmnio: at middle with mass gargs
(15:03 / All) MomoiroOmnio: my team only has 2 expos
(15:06 / All) MomoiroOmnio: and my mine
(15:30 / Allies) HideTheTree: lego
(15:49 / Allies) HideTheTree: gold yellow
(15:51 / All) MomoiroOmnio: my team
(15:57 / All) MomoiroOmnio: is going towards northwest
(16:02 / All) MomoiroOmnio: top left mine
(16:11 / All) MomoiroOmnio: going toward's red's base
(16:13 / All) MomoiroOmnio: right now
(16:30 / Allies) HideTheTree: YELLOW IS NOOB
(16:32 / Allies) HideTheTree: COME FAGGOT HURRY
(16:54 / Allies) Johnny_Depp: coming
(16:55 / All) MomoiroOmnio: they going to hit
(16:57 / All) MomoiroOmnio: red now
(17:03 / All) MomoiroOmnio: kill red's main
(17:07 / All) MomoiroOmnio: all tp
(17:08 / All) MomoiroOmnio: to red
(17:09 / All) MomoiroOmnio: BNOW
(17:14 / All) MomoiroOmnio: repair main
(17:15 / All) MomoiroOmnio: NOW
(17:17 / All) MomoiroOmnio: repair
(17:29 / Allies) HideTheTree: b
(17:30 / Allies) HideTheTree: no aa
(17:32 / Allies) HideTheTree: no aa
(17:38 / Allies) HideTheTree: yellow u waste time
(17:54 / All) MomoiroOmnio: wow
(18:02 / All) MomoiroOmnio: my team got the edge
(18:04 / All) MomoiroOmnio: upper edge
(18:08 / Allies) HideTheTree: i got
(18:09 / All) MomoiroOmnio: maybe not
(18:14 / All) MomoiroOmnio: kill taurens
(18:15 / All) MomoiroOmnio: NOW
(18:28 / Allies) Arsenal1017: yellow
(18:35 / Allies) MomoiroOmnio: what?
(18:50 / Allies) HideTheTree: going bottom
(18:51 / Allies) HideTheTree: more aa
(18:55 / Allies) HideTheTree: more bats and tauren coming
(18:59 / Allies) Arsenal1017: no
(19:01 / Allies) Arsenal1017: you get aa
(19:04 / Allies) Arsenal1017: i got tauren
(19:08 / Allies) Arsenal1017: dont waste your resrouces
(19:09 / All) MomoiroOmnio: orange is going more taurens
(19:10 / Allies) HideTheTree: k
(19:11 / Allies) Arsenal1017: mine are alll upgraded
(19:17 / Allies) HideTheTree: okay
(19:25 / All) MomoiroOmnio: pink is more bats now
(19:40 / All) MomoiroOmnio: more bats and shamans for pink
(19:44 / All) HideTheTree: you know youve been reported green
(19:54 / All) MomoiroOmnio: yellow is more gargs and some wyrms
(19:59 / All) HideTheTree: You should be hearing from cossack man shortly
(20:10 / Allies) MomoiroOmnio: from who?
(20:16 / All) HideTheTree: fucking noob
(20:25 / Allies) MomoiroOmnio: i have to backstab for good purposes
(20:30 / Allies) HideTheTree: nope
(20:32 / Allies) MomoiroOmnio: yes
(20:44 / Allies) MomoiroOmnio: then I'm reported?
(20:46 / Allies) MomoiroOmnio: than what?
(20:50 / Allies) MomoiroOmnio: even if I am
(20:54 / Allies) MomoiroOmnio: blizzard does not care
(21:27 / Allies) Arsenal1017: yellow
(21:28 / Allies) Arsenal1017: lets get him
(21:32 / Allies) HideTheTree: yeah
(22:27 / Allies) HideTheTree: gold plz
(22:47 / Allies) HideTheTree: i got bottom
(23:54 / Allies) Johnny_Depp: units man
(24:07 / Allies) Arsenal1017: should i keep gettin tauren
(24:26 / Allies) Johnny_Depp: yes
(24:33 / Allies) HideTheTree: omw
(25:14 / All) HideTheTree: gg noobs
(25:16 / All) HideTheTree: pathetic you lost
(25:20 / All) patison123: lol
(25:23 / All) patison123: u mass air?
(25:30 / All) HideTheTree: nope
(25:36 / All) patison123: LOL
(25:40 / All) HideTheTree: tauren
(25:41 / All) HideTheTree: are not air
(25:44 / All) HideTheTree: shaman are not air
(25:47 / All) HideTheTree: get raped
(25:54 / All) patison123: lol kk
(26:18 / All) HOLiDAYDRUNK: gg
(26:21 / All) HideTheTree: gg